Map: Orbital Shipyard

Players

avilo

  • Race: Protoss Protoss
  • League: Diamond

TomikuS - Winner!

  • Race: Zerg Zerg
  • League: Grandmaster

Event: Lycan League Weekly August #2

VOD

Have the link to the VOD?

Description

Time

  • Played on: Aug. 10, 2015, 12:59 p.m.
  • Length: 8:28

All games in this series

Show
View Real Time Build Order
Export as new Build Order

avilo Protoss 

Build Orders:  

Get SALT Encoding   

  12  0:01  Probe  
  13  0:13  Pylon  
  13  0:18  Probe  
  14  0:31  Probe (Chrono Boost)  
  14  0:34  Gateway  
  16  0:43  Probe (Chrono Boost)  
  16  0:45  Assimilator  
  16  0:50  Probe (Chrono Boost)  
  17  1:00  Probe (Chrono Boost)  
  18  1:05  Gateway  
  19  1:13  Probe (Chrono Boost)  
  19  1:20  Probe (Chrono Boost)  
  19  1:21  Cybernetics Core  
  20  1:27  Pylon  
  20  1:30  Probe  
  21  1:42  Probe  
  22  1:55  Probe  
  22  1:57  Adept (Chrono Boost)  
  22  1:58  Warp Gate  
  27  2:05  Adept (Chrono Boost)  
  27  2:07  Probe (Chrono Boost)  
  29  2:17  Probe (Chrono Boost)  
  29  2:24  Nexus  
  29  2:33  Pylon  
  29  2:36  Assimilator  
  29  2:37  Probe (Chrono Boost)  
  31  2:53  Probe (Chrono Boost)  
  31  2:59  Probe (Chrono Boost)  
  31  3:04  Forge  
  30  3:10  Probe, Pylon  
  31  3:15  Adept x2  
  35  3:23  Mothership Core (Chrono Boost)  
  37  3:28  Gateway  
  37  3:37  Probe (Chrono Boost), Stargate  
  38  3:51  Probe (Chrono Boost)  
  40  3:57  Probe (Chrono Boost)  
  39  4:04  Probe (Chrono Boost)  
  39  4:05  Probe (Chrono Boost)  
  41  4:13  Probe  
  41  4:15  Probe  
  43  4:18  Sentry  
  43  4:19  Sentry  
  47  4:26  Probe (Chrono Boost)  
  47  4:28  Probe (Chrono Boost)  
  49  4:32  Assimilator  
  49  4:38  Probe (Chrono Boost)  
  51  4:39  Probe (Chrono Boost)  
  51  4:42  Assimilator  
  51  4:44  Pylon  
  51  4:45  Probe x2 (Chrono Boost)  
  53  4:46  Oracle (Chrono Boost)  
  56  4:57  Probe (Chrono Boost)  
  58  5:00  Probe (Chrono Boost)  
  58  5:02  Pylon  
  58  5:04  Sentry  
  60  5:07  Probe  
  61  5:15  Adept  
  61  5:17  Probe (Chrono Boost)  
  65  5:22  Probe (Chrono Boost)  
  65  5:24  Twilight Council  
  66  5:29  Probe (Chrono Boost)  
  66  5:35  Probe (Chrono Boost)  
  67  5:36  Gateway, Protoss Ground Weapons Level 1 (Chrono Boost), Probe (Chrono Boost)  
  67  5:41  Gateway  
  68  5:42  Pylon  
  68  5:43  Probe (Chrono Boost)  
  68  5:45  Pylon  
  70  5:52  Probe (Chrono Boost)  
  70  5:54  Probe (Chrono Boost)  
  71  6:01  Probe (Chrono Boost)  
  71  6:03  Adept x2  
  75  6:06  Probe (Chrono Boost)  
  75  6:22  Robotics Facility  
  75  6:23  Pylon  
  75  6:33  Adept x2  
  75  6:34  Probe (Chrono Boost)  
  75  6:38  Probe (Chrono Boost)  
  81  6:45  Probe (Chrono Boost)  
  83  6:49  Probe (Chrono Boost), Nexus  
  84  6:54  Pylon  
  84  6:56  Pylon  
  84  6:58  Probe (Chrono Boost)  
  84  6:59  Probe (Chrono Boost), Shield Upgrade, Pylon  
  85  7:04  Stalker  
  85  7:05  Stalker x2  
  85  7:07  Probe (Chrono Boost)  
  92  7:12  Probe  
  93  7:17  Probe  
  93  7:22  Fleet Beacon  
  94  7:24  Stargate  
  94  7:27  Gateway  
  94  7:31  Gateway  
  94  7:33  Probe (Chrono Boost)  
  96  7:37  Probe (Chrono Boost)  
  96  7:40  Adept x2  
  96  7:43  Probe (Chrono Boost)  
  101  7:47  Probe (Chrono Boost)  
  101  7:49  Sentry  
  98  7:52  Pylon  
  98  7:54  Pylon  
  93  8:06  Pylon  
  93  8:08  Pylon  
  93  8:11  Adept x2  
Show
View Real Time Build Order
Export as new Build Order

TomikuS Zerg - Winner!

Build Orders: Hatch First 

Get SALT Encoding   

  12  0:01  Drone  
  13  0:13  Overlord  
  13  0:18  Drone  
  14  0:32  Drone x2  
  16  0:40  Drone  
  17  0:51  Hatchery  
  17  0:56  Drone  
  17  0:58  Drone  
  18  1:12  Spawning Pool  
  18  1:15  Drone  
  18  1:18  Drone  
  19  1:27  Extractor  
  19  1:30  Drone  
  19  1:41  Drone  
  20  1:52  Drone  
  21  2:01  Zergling x2  
  21  2:03  Queen  
  21  2:04  Queen  
  21  2:05  Overlord  
  26  2:13  Drone  
  26  2:15  Drone  
  28  2:25  Baneling Nest  
  28  2:26  Drone x2  
  29  2:33  Zergling x2  
  30  2:38  Zergling x2  
  30  2:39  Queen  
  33  2:44  Zergling x2  
  33  2:48  Metabolic Boost  
  33  3:00  Spore Crawler  
  32  3:07  Overlord  
  32  3:14  Drone  
  32  3:15  Drone x2  
  32  3:19  Hatchery  
  34  3:24  Baneling  
  34  3:25  Baneling  
  34  3:27  Drone x5  
  34  3:32  Overlord  
  39  3:41  Overlord  
  39  3:42  Drone x2  
  41  3:53  Overlord  
  40  4:02  Extractor  
  40  4:03  Drone x3, Extractor  
  40  4:04  Drone x3  
  44  4:10  Zergling x2  
  44  4:11  Zergling x6  
  44  4:14  Lair  
  48  4:25  Roach Warren  
  47  4:38  Drone x9  
  53  4:39  Drone  
  53  4:41  Drone  
  58  4:53  Overlord  
  58  4:54  Drone x4  
  58  4:55  Drone  
  62  5:01  Spore Crawler  
  62  5:03  Spore Crawler  
  62  5:05  Spore Crawler  
  59  5:10  Overlord  
  59  5:16  Overseer  
  59  5:19  Hydralisk Den  
  58  5:22  Drone x6  
  58  5:23  Drone  
  58  5:25  Extractor  
  58  5:28  Drone x3, Extractor  
  66  5:36  Roach x2  
  66  5:37  Roach x2  
  66  5:42  Drone x4  
  78  5:54  Drone x2  
  78  6:04  Drone x3  
  79  6:07  Ravager x4  
  79  6:10  Hydralisk, Muscular Augments  
  83  6:11  Overlord x3  
  83  6:14  Drone x2  
  83  6:15  Drone, Hydralisk, Extractor  
  83  6:16  Hydralisk  
  83  6:18  Overseer  
  89  6:30  Overlord  
  89  6:31  Hydralisk x5  
  98  6:44  Hydralisk  
  98  6:45  Hydralisk x2  
  98  6:46  Zergling x8  
  98  6:47  Zergling x4  
  110  6:56  Drone  
  110  6:57  Drone  
  111  7:04  Drone, Hydralisk  
  111  7:05  Hydralisk x4  
  122  7:11  Overlord x4  
  122  7:17  Overlord x3, Infestation Pit  
  121  7:24  Hatchery  
  120  7:30  Evolution Chamber, Roach  
  120  7:31  Roach x3  
  126  7:48  Hydralisk  
  126  7:49  Hydralisk x7  

Tags
 
Add a new tag
Caveats
  • Supply blocks, unpowered buildings, or Contaminate may cause inaccurate times.
  • Supply counts are checked every 10 seconds.